PA
CHICAGO TULA @ CALDWELL CHIEFS
06/16/2042
 
TOP OF THE 1ST
Chicago Tula batting - Pitching for Caldwell Chiefs : RHP Donald Nexport
Pitching: RHP Donald Nexport
Batting: RHB Cédric Dumas 0-0: Ground out 6-3 (Groundball, 6, EV 88.1 MPH)
Batting: RHB Jeff Weber 0-0: Fly out, F9 (Flyball, 9S, EV 91.2 MPH)
Batting: LHB Cisco Gracía 0-0: DOUBLE (Flyball, 78XD, EV 110.0 MPH)
Batting: RHB Guillermo Dettori 0-0: Called Strike
0-1: Ball
1-1: Called Strike
1-2: Ball
2-2: Foul Ball, location: 2F
2-2: Foul Ball, location: 2F
2-2: Strikes out swinging
Top of the 1st over - 0 runs, 1 hit, 0 errors, 1 left on base; Chicago 0 - Caldwell 0
BOTTOM OF THE 1ST
Caldwell Chiefs batting - Pitching for Chicago Tula : LHP Clément Moreno
Pitching: LHP Clément Moreno
Batting: SHB Cristo López 0-0: Ball
1-0: Ball
2-0: Ball
3-0: Called Strike
3-1: Called Strike
3-2: Foul Ball, location: 2F
3-2: SINGLE (Groundball, 56D, EV 100.6 MPH)
Batting: RHB Luis Miguel Monteblanco 0-0: Ball
1-0: Ball
2-0: TRIPLE (Flyball, 78XD, EV 106.2 MPH)
Cristo López scores
Batting: LHB Jorge Napolez 0-0: Called Strike
0-1: Ball
1-1: Fly out, F8 (Line Drive, 8RD, EV 83.1 MPH)
Runner from 3rd tags up, SCORES, throw by CF
Batting: RHB Kuan Pi 0-0: Ball
1-0: Foul Ball, location: 2F
1-1: Fly out, F7 (Flyball, 7LS, EV 94.4 MPH)
Batting: RHB Dan Babauta 0-0: Foul Ball, location: 2F
0-1: Ball
1-1: Ground out 6-3 (Groundball, 6, EV 103.1 MPH)
Bottom of the 1st over - 2 runs, 2 hits, 0 errors, 0 left on base; Chicago 0 - Caldwell 2
TOP OF THE 2ND
Chicago Tula batting - Pitching for Caldwell Chiefs : RHP Donald Nexport
Batting: LHB Andrew Gray 0-0: Ball
1-0: Swinging Strike
1-1: SOLO HOME RUN (Line Drive, 9D, EV 99.4 MPH), Distance : 384 ft
Batting: RHB Terry Baker 0-0: DOUBLE (Flyball, 89D, EV 104.4 MPH)
Batting: LHB Mike Reynolds 0-0: Called Strike
0-1: Ball
1-1: Ball
2-1: Ground out 4-3 (Groundball, 4, EV 106.9 MPH)
Terry Baker to third
Batting: RHB Chad Brown 0-0: Called Strike
0-1: Swinging Strike
0-2: Strikes out swinging
Batting: LHB Bob Fisher 0-0: Called Strike
0-1: Ground out 1-3 (Groundball, 23, EV 64.4 MPH)
Top of the 2nd over - 1 run, 2 hits, 0 errors, 1 left on base; Chicago 1 - Caldwell 2
BOTTOM OF THE 2ND
Caldwell Chiefs batting - Pitching for Chicago Tula : LHP Clément Moreno
Batting: RHB Kane Felton 0-0: Ball
1-0: Foul Ball, location: 2F
1-1: Called Strike
1-2: Ball
2-2: SOLO HOME RUN (Line Drive, 7D, EV 103.1 MPH), Distance : 390 ft
Batting: RHB Derrick Davis 0-0: Ground out 5-3 (Groundball, 56, EV 100.0 MPH)
Batting: LHB Dan Webb 0-0: Ball
1-0: Ball
2-0: Called Strike
2-1: Called Strike
2-2: Ball
3-2: Strikes out looking
Batting: RHB Clark Curtis 0-0: Ball
1-0: Called Strike
1-1: Swinging Strike
1-2: Foul Ball, location: 2F
1-2: Ball
2-2: Foul Ball, location: 2F
2-2: Ball
3-2: Strikes out swinging
Bottom of the 2nd over - 1 run, 1 hit, 0 errors, 0 left on base; Chicago 1 - Caldwell 3
TOP OF THE 3RD
Chicago Tula batting - Pitching for Caldwell Chiefs : RHP Donald Nexport
Batting: RHB Cédric Dumas 0-0: Ball
1-0: SINGLE (Groundball, 6MD, EV 93.8 MPH)
Batting: RHB Jeff Weber 0-0: Fly out, F8 (Flyball, 8RD, EV 102.5 MPH)
Runner from 1st tags up, SAFE at 2nd
Batting: LHB Cisco Gracía 0-0: Called Strike
Cédric Dumas steals 3rd base
0-1: Called Strike
0-2: Ball
1-2: Ball
2-2: Ball
3-2: SINGLE (Groundball, 34, EV 98.1 MPH)
Cédric Dumas scores
Batting: RHB Guillermo Dettori 0-0: Ball
Cisco Gracía steals 2nd base
1-0: Foul Ball, location: 2F
1-1: Ground out 6-3 (Groundball, 6, EV 82.5 MPH)
Batting: LHB Andrew Gray 0-0: Foul Ball, location: 2F
0-1: Ball
1-1: Ball
2-1: Ball
3-1: Fly out, F9 (Flyball, 9D, EV 105.0 MPH)
Top of the 3rd over - 1 run, 2 hits, 0 errors, 1 left on base; Chicago 2 - Caldwell 3
BOTTOM OF THE 3RD
Caldwell Chiefs batting - Pitching for Chicago Tula : LHP Clément Moreno
Batting: SHB Cristo López 0-0: Ground out 5-3 (Groundball, 5, EV 83.8 MPH)
Batting: RHB Luis Miguel Monteblanco 0-0: Ball
1-0: Ball
2-0: Swinging Strike
2-1: Fly out, F4 (Line Drive, 4, EV 66.2 MPH)
Batting: LHB Jorge Napolez 0-0: Ball
1-0: Foul Ball, location: 2F
1-1: Swinging Strike
1-2: SINGLE (Line Drive, 78S, EV 90.6 MPH)
Batting: RHB Kuan Pi 0-0: Foul Ball, location: 2F
0-1: Foul Ball, location: 2F
0-2: Ball
Jorge Napolez steals 2nd base (no throw)
1-2: Foul Ball, location: 2F
1-2: Ball
2-2: Ball
3-2: Ground out 5-3 (Groundball, 56, EV 86.2 MPH)
Bottom of the 3rd over - 0 runs, 1 hit, 0 errors, 1 left on base; Chicago 2 - Caldwell 3
TOP OF THE 4TH
Chicago Tula batting - Pitching for Caldwell Chiefs : RHP Donald Nexport
Batting: RHB Terry Baker 0-0: Ball
1-0: Ground out 5-3 (Groundball, 56S, EV 81.9 MPH)
Batting: LHB Mike Reynolds 0-0: Called Strike
0-1: Ball
1-1: Swinging Strike
1-2: Foul Ball, location: 2F
1-2: Foul Ball, location: 2F
1-2: Strikes out swinging
Batting: RHB Chad Brown 0-0: Ball
1-0: Swinging Strike
1-1: Swinging Strike
1-2: Strikes out swinging
Top of the 4th over - 0 runs, 0 hits, 0 errors, 0 left on base; Chicago 2 - Caldwell 3
BOTTOM OF THE 4TH
Caldwell Chiefs batting - Pitching for Chicago Tula : LHP Clément Moreno
Batting: RHB Dan Babauta 0-0: Ground out 1-3 (Groundball, P, EV 90.0 MPH)
Batting: RHB Kane Felton 0-0: Ball
1-0: Ball
2-0: Ground out 4-3 (Groundball, 4S, EV 81.2 MPH)
Batting: RHB Derrick Davis 0-0: Ball
1-0: Called Strike
1-1: Called Strike
1-2: Ball
2-2: Fly out, F8 (Flyball, 8RXD, EV 105.0 MPH)
Bottom of the 4th over - 0 runs, 0 hits, 0 errors, 0 left on base; Chicago 2 - Caldwell 3
TOP OF THE 5TH
Chicago Tula batting - Pitching for Caldwell Chiefs : RHP Donald Nexport
Batting: LHB Bob Fisher 0-0: Called Strike
0-1: Ball
1-1: Foul Ball, location: 2F
1-2: DOUBLE (Flyball, 7LD, EV 110.0 MPH)
Batting: RHB Cédric Dumas 0-0: Swinging Strike
0-1: Foul Ball, location: 2F
0-2: Ball
1-2: Foul Ball, location: 2F
1-2: SINGLE (Groundball, 4MS, EV 66.2 MPH) (infield hit)
Bob Fisher to third
Batting: RHB Jeff Weber 0-0: Called Strike
0-1: Ball
1-1: Foul Ball, location: 2F
1-2: Ball
2-2: Foul Ball, location: 2F
2-2: Ground out 4-3 (Groundball, 4, EV 108.1 MPH)
Bob Fisher scores
Cédric Dumas to second
Batting: LHB Cisco Gracía 0-0: Ground out 6-3 (Groundball, 6, EV 87.5 MPH)
Batting: RHB Guillermo Dettori 0-0: Ball
1-0: Ball
2-0: Called Strike
2-1: DOUBLE (Line Drive, 9LM, EV 93.8 MPH)
Cédric Dumas scores
Batting: LHB Andrew Gray 0-0: Foul Ball, location: 2F
0-1: Fly out, F6 (Popup, 6M, EV 62.5 MPH)
Top of the 5th over - 2 runs, 3 hits, 0 errors, 1 left on base; Chicago 4 - Caldwell 3
BOTTOM OF THE 5TH
Caldwell Chiefs batting - Pitching for Chicago Tula : LHP Clément Moreno
Batting: LHB Dan Webb 0-0: Called Strike
0-1: Called Strike
0-2: Strikes out swinging
Batting: RHB Clark Curtis 0-0: Ball
1-0: Swinging Strike
1-1: Ball
2-1: Fly out, F9 (Flyball, 9LSF, EV 92.5 MPH)
Batting: SHB Cristo López 0-0: Foul Ball, location: 2F
0-1: Ball
1-1: Ball
2-1: Bunted foul
2-2: Ground out U3 (Groundball, 34, EV 100.6 MPH)
Bottom of the 5th over - 0 runs, 0 hits, 0 errors, 0 left on base; Chicago 4 - Caldwell 3
TOP OF THE 6TH
Chicago Tula batting - Pitching for Caldwell Chiefs : RHP Donald Nexport
Batting: RHB Terry Baker 0-0: Foul Ball, location: 2F
0-1: Ball
1-1: Ball
2-1: DOUBLE (Flyball, 8LXD, EV 96.9 MPH)
Batting: LHB Mike Reynolds 0-0: Called Strike
0-1: Ball
1-1: Ball
2-1: SINGLE (Groundball, 4MD, EV 99.4 MPH)
Terry Baker to third
Runner from 3rd tries for Home, SAFE, no throw by CF
Pitching: LHP Jack Fisher
Batting: RHB Chad Brown 0-0: Sac Bunt to 2R - play at second, runner OUT! 2-6
Batting: LHB Bob Fisher 0-0: Ball
1-0: Swinging Strike
1-1: Fielders Choice at 2nd, 4-6 (Groundball, 4, EV 92.5 MPH)
Batting: RHB Cédric Dumas 0-0: Ball
1-0: Fielders Choice at 2nd, 6-4 (Groundball, 6, EV 99.4 MPH)
Top of the 6th over - 1 run, 2 hits, 0 errors, 1 left on base; Chicago 5 - Caldwell 3
BOTTOM OF THE 6TH
Caldwell Chiefs batting - Pitching for Chicago Tula : LHP Clément Moreno
Batting: RHB Luis Miguel Monteblanco 0-0: Called Strike
0-1: SINGLE (Groundball, 34D, EV 98.1 MPH)
Batting: LHB Jorge Napolez 0-0: Called Strike
0-1: Called Strike
0-2: Foul Ball, location: 2F
0-2: SINGLE (Line Drive, 7S, EV 93.8 MPH)
Luis Miguel Monteblanco to second
Batting: RHB Kuan Pi 0-0: Foul Ball, location: 2F
0-1: Ball
1-1: Ball
2-1: Swinging Strike
2-2: Strikes out swinging
Batting: RHB Dan Babauta 0-0: SINGLE (Line Drive, 7S, EV 95.6 MPH)
Luis Miguel Monteblanco to third
Jorge Napolez to second
Batting: RHB Kane Felton 0-0: Ball
1-0: Foul Ball, location: 2F
1-1: Swinging Strike
1-2: Ball
2-2: Strikes out swinging
Batting: RHB Derrick Davis 0-0: Foul Ball, location: 2F
0-1: Ball
1-1: Swinging Strike
1-2: Foul Ball, location: 2F
1-2: Ball
2-2: Ball
3-2: Foul Ball, location: 2F
3-2: Foul Ball, location: 2F
3-2: Fly out, F4 (Popup, 4, EV 58.1 MPH)
Bottom of the 6th over - 0 runs, 3 hits, 0 errors, 3 left on base; Chicago 5 - Caldwell 3
TOP OF THE 7TH
Chicago Tula batting - Pitching for Caldwell Chiefs : LHP Jack Fisher
Batting: RHB Jeff Weber 0-0: Called Strike
0-1: Ball
1-1: Foul Ball, location: 2F
1-2: Ball
2-2: Ball
3-2: Fly out, F7 (Flyball, 78M, EV 86.2 MPH)
Batting: LHB Cisco Gracía 0-0: Called Strike
0-1: Ball
1-1: Swinging Strike
1-2: SINGLE (Groundball, 34D, EV 94.4 MPH)
Batting: RHB Guillermo Dettori 0-0: Ball
1-0: Ball
2-0: Called Strike
2-1: TRIPLE (Flyball, 89XD, EV 96.2 MPH)
Cisco Gracía scores
Batting: LHB Andrew Gray 0-0: Ground out 4-3 (Groundball, 4, EV 83.1 MPH)
Guillermo Dettori scores
Batting: RHB Terry Baker 0-0: Ball
1-0: Called Strike
1-1: Swinging Strike
1-2: Ground out 6-3 (Groundball, 56, EV 87.5 MPH)
Top of the 7th over - 2 runs, 2 hits, 0 errors, 0 left on base; Chicago 7 - Caldwell 3
BOTTOM OF THE 7TH
Caldwell Chiefs batting - Pitching for Chicago Tula : LHP Clément Moreno
Pitching: LHP Sergio Rentería
Batting: LHB Dan Webb 0-0: Called Strike
0-1: Ground out 4-3 (Groundball, 4, EV 76.9 MPH)
Batting: RHB Clark Curtis 0-0: Called Strike
0-1: Swinging Strike
0-2: Strikes out swinging
Batting: SHB Cristo López 0-0: Ball
1-0: Foul Ball, location: 2F
1-1: Hit by Pitch
Batting: RHB Luis Miguel Monteblanco 0-0: Called Strike
Cristo López steals 2nd base
0-1: Swinging Strike
0-2: Strikes out swinging
Bottom of the 7th over - 0 runs, 0 hits, 0 errors, 1 left on base; Chicago 7 - Caldwell 3
TOP OF THE 8TH
Chicago Tula batting - Pitching for Caldwell Chiefs : LHP Jack Fisher
Batting: LHB Mike Reynolds 0-0: Called Strike
0-1: Ball
1-1: Ball
2-1: Ball
3-1: Base on Balls
Batting: RHB Chad Brown 0-0: Sac Bunt to 5S - play at first, batter OUT! 5-3
Mike Reynolds to second
Batting: LHB Bob Fisher 0-0: Called Strike
0-1: Foul Ball, location: 2F
0-2: Foul Ball, location: 2F
0-2: Ball
1-2: Strikes out looking
Batting: RHB Cédric Dumas 0-0: Ball
1-0: Ball
2-0: Called Strike
2-1: Swinging Strike
2-2: Ball
3-2: Strikes out swinging, 2-3 out at first.
Top of the 8th over - 0 runs, 0 hits, 0 errors, 1 left on base; Chicago 7 - Caldwell 3
BOTTOM OF THE 8TH
Caldwell Chiefs batting - Pitching for Chicago Tula : LHP Sergio Rentería
Batting: LHB Jorge Napolez 0-0: Called Strike
0-1: Ball
1-1: Swinging Strike
1-2: Foul Ball, location: 2F
1-2: Ball
2-2: Ball
3-2: Strikes out swinging
Batting: RHB Kuan Pi 0-0: Called Strike
0-1: Foul Ball, location: 2F
0-2: Ball
1-2: Strikes out swinging
Batting: RHB Dan Babauta 0-0: Ball
1-0: Ball
2-0: Fly out, F9 (Line Drive, 9, EV 91.9 MPH)
Bottom of the 8th over - 0 runs, 0 hits, 0 errors, 0 left on base; Chicago 7 - Caldwell 3
TOP OF THE 9TH
Chicago Tula batting - Pitching for Caldwell Chiefs : LHP Jack Fisher
Batting: RHB Jeff Weber 0-0: Ball
1-0: DOUBLE (Line Drive, 9LM, EV 100.6 MPH)
Pitching: LHP Juriaan van der Kieft
Batting: LHB Cisco Gracía 0-0: Called Strike
0-1: Ball
1-1: Called Strike
1-2: Strikes out swinging
Batting: RHB Guillermo Dettori 0-0: Swinging Strike
0-1: Foul Ball, location: 2F
0-2: Fly out, F9 (Line Drive, 9, EV 110.0 MPH)
Batting: LHB Andrew Gray 0-0: Ball
1-0: Ball
2-0: Foul Ball, location: 2F
2-1: Foul Ball, location: 2F
2-2: Strikes out swinging
Top of the 9th over - 0 runs, 1 hit, 0 errors, 1 left on base; Chicago 7 - Caldwell 3
BOTTOM OF THE 9TH
Caldwell Chiefs batting - Pitching for Chicago Tula : LHP Sergio Rentería
Batting: RHB Kane Felton 0-0: Called Strike
0-1: Ground out 4-3 (Groundball, 34, EV 102.5 MPH)
Batting: RHB Derrick Davis 0-0: Swinging Strike
0-1: Called Strike
0-2: Foul Ball, location: 2F
0-2: Foul Ball, location: 2F
0-2: Foul Ball, location: 2F
0-2: Ball
1-2: Foul Ball, location: 2F
1-2: Strikes out swinging
Batting: LHB Dan Webb 0-0: Foul Ball, location: 2F
0-1: Called Strike
0-2: Ball
1-2: Foul Ball, location: 2F
1-2: Strikes out swinging
Bottom of the 9th over - 0 runs, 0 hits, 0 errors, 0 left on base; Chicago 7 - Caldwell 3
Friday, March 26th, 2021 - OOTP Baseball 20.8 Build 74